[Event "Team 45 45 League T54"]
[Site "Internet Chess Club"]
[Date "2012.09.07"]
[Round "4"]
[White "amicusUK"]
[Black "mellizas2003"]
[Result "1/2-1/2"]
[WhiteElo "1619"]
[BlackElo "1722"]
[Opening "Queen's pawn, Mason variation"]
[ECO "D00"]
[Time "09:02:37"]
[TimeControl "2700+45"]

1. d4 d5 2. Bf4 Nf6 3. e3 g6 4. Bd3 Bg7 5. Nf3 Bg4 6. Nbd2 Nbd7 7. h3 Bxf3 8.
Nxf3 O-O 9. O-O Nh5 10. Bh2 c5 11. c3 Re8 12. Bb5 a6 13. Bxd7 Qxd7 14. Be5 cxd4
15. Bxg7 Nxg7 16. exd4 Nf5 17. Qd2 Nd6 18. Rfe1 Nc4 19. Qh6 e6 20. Re2 Rab8 21.
Rae1 b5 22. Ng5 f6 23. Nxe6 Nxb2 24. Nc5 Qf7 {Game drawn by mutual agreement}
1/2-1/2

[Event "Team 45 45 League T54"]
[Site "Internet Chess Club"]
[Date "2012.09.11"]
[Round "4"]
[White "chrisgianno"]
[Black "PaulRichard"]
[Result "1-0"]
[WhiteElo "1654"]
[BlackElo "1491"]
[Opening "Queen's Indian defense"]
[ECO "E12"]
[Time "09:46:51"]
[TimeControl "2700+45"]

1. d4 e6 2. c4 Nf6 3. Nf3 b6 4. Bg5 Bb7 5. e3 Bb4+ 6. Nbd2 h6 7. Bxf6 Qxf6 8.
Be2 O-O 9. O-O d5 10. Rc1 Qe7 11. a3 Bxd2 12. Qxd2 dxc4 13. Rxc4 Ba6 14. Rc3
Bxe2 15. Qxe2 Rc8 16. Rfc1 a5 17. Qc2 Ra7 18. Ne5 Rb7 19. Qe4 c5 20. b4 axb4 21.
axb4 Rbc7 22. dxc5 bxc5 23. b5 Rb7 24. Qa4 Qd6 25. f4 f6 26. Rd3 Qb6 27. Ng6 Kf7
28. Qe4 f5 29. Ne5+ Ke7 30. Qf3 Qxb5 31. Qh5 Qe8 32. Qf3 Qb5 33. Rcd1 c4 34. Rd4
Rbc7 35. Qg3 Kf8 36. Qg6 Qe8 37. Qh7 g5 38. Ng6+ Qxg6 39. Qxg6 Rg7 40. Qxe6 Re8
41. Rd8 Re7 42. Qxh6+ {Black resigns} 1-0

[Event "Team 45 45 League T54"]
[Site "Internet Chess Club"]
[Date "2012.09.08"]
[Round "4"]
[White "Check101"]
[Black "DutchBird"]
[Result "0-1"]
[WhiteElo "1525"]
[BlackElo "1433"]
[Opening "Philidor's defense"]
[ECO "C41"]
[Time "11:09:15"]
[TimeControl "2700+45"]

1. e4 e5 2. Nf3 d6 3. Bc4 Be7 4. O-O Nf6 5. Re1 O-O 6. c3 c6 7. h3 d5 8. exd5
cxd5 9. Bb3 e4 10. Nh2 Nc6 11. d3 Be6 12. Bc2 Bf5 13. Nf1 exd3 14. Bxd3 Bxd3 15.
Qxd3 Re8 16. Bg5 Ne4 17. Be3 Ne5 18. Qb5 Qd7 19. Na3 Bxa3 20. Qxd7 Nxd7 21. bxa3
Nxc3 22. Ng3 Ne5 23. Bd4 Ne4 24. Nxe4 dxe4 25. Rxe4 Nc6 26. Rxe8+ Rxe8 27. Be3
b6 28. Rc1 Re6 29. a4 Kf8 30. Rc4 Ke7 31. a5 b5 32. Rc5 a6 33. Rd5 Nxa5 34. a4
Nc4 35. Bc5+ Ke8 36. axb5 axb5 37. Bd4 Rd6 38. Rxd6 Nxd6 39. Bxg7 Kd7 40. Kf1
Ne4 41. Bd4 Kc6 42. Ke2 Kd5 43. Kd3 b4 44. f3 Nc5+ 45. Bxc5 Kxc5 46. g4 b3 47.
f4 Kb4 48. Kd2 Ka3 49. Kc1 Ka2 {White resigns} 0-1

[Event "Team 45 45 League T54"]
[Site "Internet Chess Club"]
[Date "2012.09.05"]
[Round "4"]
[White "fireball"]
[Black "ticopatzer"]
[Result "0-1"]
[WhiteElo "1694"]
[BlackElo "1714"]
[Opening "Sicilian defense"]
[ECO "B30"]
[Time "21:04:58"]
[TimeControl "2700+45"]

1. e4 c5 2. Nf3 Nc6 3. d3 d6 4. g3 g6 5. Bg2 Bg7 6. c3 Nf6 7. O-O O-O 8. Re1 Qc7
9. Nh4 Rb8 10. f4 b5 11. Nd2 b4 12. cxb4 Nxb4 13. Nc4 Nd7 14. a3 Nc6 15. Rb1 Ba6
16. f5 Nd4 17. Bf4 Bxc4 18. dxc4 Ne5 19. Bxe5 Bxe5 20. fxg6 fxg6 21. Qg4 Rb3 22.
Rf1 Qc8 23. Rxf8+ Qxf8 24. Rf1 Qe8 25. Rf2 Nc6 26. Qe6+ Kg7 27. Nf3 Bxb2 28. Ng5
Bd4 29. h4 Bxf2+ 30. Kxf2 Nd4 31. Qg4 Rxa3 32. h5 Qf8+ 33. Kg1 a5 34. hxg6 hxg6
35. e5 Ra2 36. Nh3 Qb8 37. Nf4 Qb2 38. Qxg6+ Kf8 39. Qh6+ Ke8 40. Qh8+ Kd7 41.
Bh3+ e6 42. Qg7+ Kc6 43. Bg2+ d5 44. cxd5+ Kb6 45. d6 Nf3+ 46. Bxf3 Qb1+ {White
resigns} 0-1

[Event "Team 45 45 League T54"]
[Site "Internet Chess Club"]
[Date "2012.09.07"]
[Round "4"]
[White "nidusin2"]
[Black "rayngrant"]
[Result "1-0"]
[WhiteElo "1620"]
[BlackElo "1556"]
[Opening "French: Winawer, advance variation"]
[ECO "C18"]
[Time "20:08:07"]
[TimeControl "2700+45"]

1. e4 e6 2. d4 d5 3. Nc3 Bb4 4. e5 c5 5. a3 Bxc3+ 6. bxc3 Nc6 7. Nf3 Nge7 8. Bd3
Ng6 9. O-O O-O 10. Bb2 Nf4 11. Qd2 Nxd3 12. cxd3 b6 13. dxc5 bxc5 14. d4 Ba6 15.
Rfe1 Na5 16. Qc2 Rb8 17. Nd2 cxd4 18. cxd4 Nc4 19. Bc3 Rc8 20. Nb3 Nb6 21. Nc5
Bc4 22. Bb4 Re8 23. Nb7 Ba6 24. Nc5 Bc4 25. Qd2 Qc7 26. Qf4 f6 27. Qg4 Qf7 28.
exf6 Qf8 29. fxg7 {Black resigns} 1-0

[Event "Team 45 45 League T54"]
[Site "Internet Chess Club"]
[Date "2012.09.09"]
[Round "4"]
[White "BenjaminSisko"]
[Black "BotanicalKnight"]
[Result "1-0"]
[WhiteElo "1494"]
[BlackElo "1507"]
[Opening "Caro-Kann: exchange, Rubinstein variation"]
[ECO "B13"]
[Time "20:09:18"]
[TimeControl "2700+45"]

1. e4 c6 2. d4 d5 3. exd5 cxd5 4. Bd3 Nc6 5. c3 Nf6 6. Bf4 Bg4 7. Qb3 Qc8 8. Nd2
e6 9. Ngf3 Be7 10. O-O O-O 11. Ne5 Bh5 12. Rae1 Bg6 13. Bxg6 hxg6 14. Qd1 b5 15.
Re3 Nh5 16. Nxc6 Qxc6 17. Be5 b4 18. g4 Nf6 19. h4 Ne4 20. Rh3 bxc3 21. Nxe4
cxb2 22. Nc3 Bxh4 23. Qd2 g5 24. Qxb2 f6 25. Bg3 Bxg3 26. Rxg3 Kf7 27. Qb5 Qc7
28. Na4 Rab8 29. Qc5 Qd7 30. Qa3 Qe7 31. Qxe7+ Kxe7 32. Nc5 Kd6 33. Ra3 e5 34.
Ra6+ Rb6 35. Nb7+ Kc7 36. Rxa7 Rxb7 37. Rc1+ Kb8 38. Rxb7+ Kxb7 39. dxe5 fxe5
40. Rc5 Rd8 41. a4 Kb6 42. Rb5+ Ka6 43. Kf1 e4 44. Ke2 Rd6 45. Ke3 g6 46. Kd4
Rf6 47. Rxd5 Rxf2 48. Rxg5 Ra2 49. Kxe4 Rxa4+ 50. Ke5 Ra5+ 51. Kf6 Ra1 52. Rxg6
Kb5 53. Rg5+ Kc4 54. Re5 Ra7 55. g5 Ra8 56. g6 Rf8+ 57. Kg7 {Black resigns} 1-0

[Event "Team 45 45 League T54"]
[Site "Internet Chess Club"]
[Date "2012.09.11"]
[Round "4"]
[White "rookmaster23"]
[Black "clarinetref"]
[Result "0-1"]
[WhiteElo "1629"]
[BlackElo "1659"]
[Opening "QGA: Ericson variation"]
[ECO "D21"]
[Time "20:10:28"]
[TimeControl "2700+45"]

1. d4 d5 2. c4 dxc4 3. Nf3 b5 4. e3 Bb7 5. a4 c6 6. axb5 cxb5 7. Nc3 a6 8. b3 b4
9. Na2 e6 10. bxc4 a5 11. Bd3 Nf6 12. Ne5 Be7 13. Qa4+ Nfd7 14. O-O O-O 15. Nxd7
Nxd7 16. Qc2 g6 17. Be4 Qc7 18. Bxb7 Qxb7 19. e4 Rfc8 20. Rd1 b3 21. Qb2 a4 22.
c5 a3 23. Qb1 Nf6 24. Nc3 Qb4 25. Rd3 Nxe4 26. Nxe4 Qe1# {White checkmated} 0-1

[Event "Team 45 45 League T54"]
[Site "Internet Chess Club"]
[Date "2012.09.09"]
[Round "4"]
[White "PostMike"]
[Black "sdcohle"]
[Result "0-1"]
[WhiteElo "1473"]
[BlackElo "1455"]
[Opening "French: classical variation"]
[ECO "C14"]
[Time "14:00:28"]
[TimeControl "2700+45"]

1. e4 e6 2. d4 d5 3. Nc3 Nf6 4. Bg5 Be7 5. e5 Nfd7 6. Bxe7 Qxe7 7. Nf3 c5 8. Bb5
O-O 9. O-O c4 10. Bxd7 Nxd7 11. Nb5 Nb6 12. Nd6 Rb8 13. b3 Bd7 14. a4 Nc8 15.
Nxc8 Rbxc8 16. Qe2 a6 17. Rfc1 Qb4 18. Qd2 c3 19. Qe3 Qe7 20. Rd1 b5 21. Rd3 b4
22. Ng5 f6 23. Nh3 fxe5 24. dxe5 Be8 25. Qe2 Bg6 26. Rg3 Rf5 27. Rd1 Qc7 28. Re1
a5 29. Rg5 Rcf8 30. Rxf5 Rxf5 31. g4 Rf8 32. Ng5 Qe7 33. Nf3 Be4 34. Nd4 Bg6 35.
Qa6 Rf4 36. Qxe6+ Qxe6 37. Nxe6 Rxg4+ 38. Kf1 Bxc2 39. Nc5 Kf8 40. Rc1 Be4 41.
Ke2 Ke7 42. Ke3 Bg6 43. Rd1 d4+ 44. Kf3 Rg5 45. Kf4 Rf5+ 46. Ke4 Rxf2+ 47. Kxd4
Rd2+ {White resigns} 0-1

[Event "Team 45 45 League T54"]
[Site "Internet Chess Club"]
[Date "2012.09.06"]
[Round "4"]
[White "smsxman"]
[Black "jjaillet2007"]
[Result "1/2-1/2"]
[WhiteElo "1517"]
[BlackElo "1322"]
[Opening "French defense"]
[ECO "C00"]
[Time "21:00:47"]
[TimeControl "2700+45"]

1. e4 e6 2. Nf3 d5 3. exd5 exd5 4. d4 Bd6 5. Nc3 Nf6 6. Bg5 Nbd7 7. Bb5 c6 8.
Bd3 h6 9. Be3 O-O 10. O-O Re8 11. Re1 Qb6 12. Na4 Qa5 13. b3 b5 14. Bd2 Bb4 15.
Bxb4 Qxb4 16. Nb2 Ne4 17. Bxe4 dxe4 18. Qd2 Qxd2 19. Nxd2 Nf6 20. c4 a6 21. Re3
Bf5 22. h3 Rad8 23. cxb5 axb5 24. g4 Bg6 25. Nf1 Rxd4 26. Rd1 Red8 27. Rc1 R8d6
28. Rec3 Nd5 29. Rxc6 Rxc6 30. Rxc6 Nb4 31. Rc8+ Kh7 32. a4 bxa4 33. bxa4 Nd3
34. Rc4 Rxc4 35. Nxc4 f5 36. Nfe3 fxg4 37. hxg4 h5 38. a5 Nc5 39. Kg2 hxg4 40.
Nxg4 Bh5 41. Nge3 Be2 42. Kg3 Bxc4 43. Nxc4 Kg6 44. Kf4 Kf6 45. Ke3 Ke6 46. Kd4
Nb3+ 47. Kxe4 Nc5+ 48. Kd4 Nb3+ 49. Ke4 Nc5+ 50. Ke3 g5 51. Kd4 Nb3+ 52. Kc3 Nc5
53. Kb4 Kd5 54. Kb5 Kd4 55. f3 Kd5 56. Nb6+ Kd6 57. a6 Nxa6 58. Kxa6 Ke5 59.
Nc4+ Kf4 60. Kb5 Kxf3 61. Nd2+ Ke2 62. Ne4 g4 63. Kc4 Ke3 64. Kd5 Kf4 65. Kd4
Kf3 66. Ke5 g3 67. Nxg3 {Game drawn because neither player has mating material}
1/2-1/2

[Event "Team 45 45 League T54"]
[Site "Internet Chess Club"]
[Date "2012.09.08"]
[Round "4"]
[White "Aquaman"]
[Black "Toalla"]
[Result "0-1"]
[WhiteElo "1285"]
[BlackElo "1254"]
[Opening "Réti: King's Indian attack"]
[ECO "A05"]
[Time "15:00:54"]
[TimeControl "2700+45"]

1. Nf3 Nf6 2. g3 g6 3. Bg2 Bg7 4. O-O c6 5. d3 O-O 6. e4 d6 7. Nbd2 Re8 8. Re1
Bg4 9. h3 Bxf3 10. Nxf3 Nbd7 11. c3 e5 12. Be3 a6 13. Qd2 Qe7 14. Bh6 Qf8 15.
Bxg7 Qxg7 16. Nh2 d5 17. exd5 cxd5 18. b4 Rad8 19. Qc2 b5 20. a4 Ra8 21. a5 Rac8
22. Qb3 e4 23. d4 Kh8 24. Nf1 Qf8 25. Ne3 Qd6 26. Bf1 Nb8 27. Be2 Nc6 28. h4 Ne7
29. h5 Nxh5 30. Bxh5 gxh5 31. Kg2 Rg8 32. Rh1 Rg5 33. Rh4 Ng6 34. Rhh1 Nf4+ 35.
Kf1 Nd3 36. Rh4 Qc6 37. Nd1 Qf6 38. Qc2 Nxb4 39. Qe2 Qg6 40. Rb1 Nd3 41. Rb3 Nc1
42. Qb2 Nxb3 43. Qxb3 Qc6 44. Kg2 Kg7 45. Qb1 Qc7 46. Qc1 h6 47. Qe3 f5 48. Kf1
Qxa5 49. f4 Rg6 50. Rxh5 Rf8 51. Kg2 Qa2+ 52. Kh3 a5 53. Qc1 a4 54. Ne3 Rd6 55.
Nxf5+ Rxf5 56. Rxf5 a3 57. Qd1 Rg6 58. Rxd5 Qxd5 59. Qc2 Qf5+ 60. Kg2 Qxf4
{White resigns} 0-1

[Event "Team 45 45 League T54"]
[Site "Internet Chess Club"]
[Date "2012.09.10"]
[Round "4"]
[White "nanning"]
[Black "bmw2002"]
[Result "0-1"]
[WhiteElo "1640"]
[BlackElo "1610"]
[Opening "King's Indian: 3.g3, counterthrust variation"]
[ECO "D71"]
[Time "05:10:40"]
[TimeControl "2700+45"]

1. d4 Nf6 2. c4 g6 3. g3 Bg7 4. Bg2 d5 5. Nc3 c6 6. Nf3 O-O 7. cxd5 Nxd5 8. Nxd5
cxd5 9. Qb3 Nc6 10. O-O b6 11. Rd1 Ba6 12. e3 Rc8 13. Bd2 Re8 14. Qa3 Bb7 15.
Rac1 e6 16. Bf1 Bf8 17. Qa4 Re7 18. b4 Ba8 19. b5 Nb8 20. Rxc8 Qxc8 21. Rc1 Rc7
22. Rxc7 Qxc7 23. Ne5 Bd6 24. Nd3 Qb7 25. Nb4 e5 26. Na6 e4 27. Bb4 Bxb4 28.
Nxb4 Qd7 29. Qc2 Qd6 30. a3 Bb7 31. h4 h5 32. Bh3 a5 33. Na6 Nxa6 34. bxa6 Bxa6
35. Bc8 Bxc8 36. Qxc8+ Kg7 37. g4 hxg4 38. Qxg4 b5 39. h5 b4 40. hxg6 Qxg6
{White resigns} 0-1

[Event "Team 45 45 League T54"]
[Site "Internet Chess Club"]
[Date "2012.09.08"]
[Round "4"]
[White "Mitochondria"]
[Black "tryanything"]
[Result "1/2-1/2"]
[WhiteElo "1486"]
[BlackElo "1590"]
[Opening "Budapest: Adler variation"]
[ECO "A52"]
[Time "19:00:40"]
[TimeControl "2700+45"]

1. d4 Nf6 2. c4 e5 3. dxe5 Ng4 4. Nf3 Nc6 5. Bf4 Bb4+ 6. Nc3 Qe7 7. Qb3 a5 8. h3
Ngxe5 9. Nxe5 Nxe5 10. e3 O-O 11. Be2 d6 12. O-O Bxc3 13. Qxc3 Ng6 14. Bg3 b6
15. Rad1 Bb7 16. Rfe1 Rfe8 17. Rd4 Qf6 18. Bg4 Rab8 19. Qc2 Re7 20. Bf5 Rbe8 21.
h4 Qxd4 22. exd4 Rxe1+ 23. Kh2 Be4 24. Bxe4 R1xe4 25. d5 Nxh4 26. Qa4 Nf5 27. f3
Re2 28. Qd7 Nxg3 29. Kxg3 R2e7 30. Qc6 Rc8 31. Kf4 Ree8 32. g4 g6 33. Qa4 Kg7
34. Qb3 h6 35. Kg3 Ra8 36. Qd1 g5 37. Qd4+ f6 38. Qd3 Re7 39. Qf5 Rae8 40. a3
Re5 41. Qc2 R5e7 42. Qf5 Re5 43. Qd7+ R5e7 44. Qb5 Re1 45. Qa4 R8e2 46. Qd7+ Kg6
47. Qf5+ Kg7 48. Qd7+ {Game drawn by mutual agreement} 1/2-1/2

[Event "Team 45 45 League T54"]
[Site "Internet Chess Club"]
[Date "2012.09.10"]
[Round "4"]
[White "JohLeb"]
[Black "Ostap-Bender"]
[Result "0-1"]
[WhiteElo "1378"]
[BlackElo "1412"]
[Opening "QGA: 3.e4"]
[ECO "D20"]
[Time "20:00:14"]
[TimeControl "2700+45"]

1. d4 d5 2. c4 dxc4 3. e4 e5 4. d5 Nf6 5. Nc3 Be7 6. Bxc4 O-O 7. Nge2 a6 8. a4
c6 9. Ng3 cxd5 10. Bxd5 Nc6 11. O-O Bg4 12. f3 Qb6+ 13. Kh1 Bh5 14. Nxh5 Nxh5
15. f4 exf4 16. Qxh5 Bd6 17. Ne2 g6 18. Qh6 Be5 19. Bxf4 Bg7 20. Qh3 Qxb2 21.
Qe3 Qxa1 22. Rxa1 Bxa1 23. Bd6 Rfd8 24. Qf4 Rd7 25. Ng3 Rad8 26. Ba3 Be5 27. Qf3
Nd4 28. Qf2 Rc8 29. Ne2 Rc2 30. g3 Rxe2 31. Qf1 Rc2 32. Bb3 Nxb3 33. Qb1 Rdd2
{White resigns} 0-1

[Event "Team 45 45 League T54"]
[Site "Internet Chess Club"]
[Date "2012.09.10"]
[Round "4"]
[White "AlPearson"]
[Black "theartist"]
[Result "1-0"]
[WhiteElo "1259"]
[BlackElo "1135"]
[Opening "Nimzo-Indian: classical, 4...c5"]
[ECO "E38"]
[Time "10:01:38"]
[TimeControl "2700+45"]

1. d4 Nf6 2. c4 e6 3. Nc3 Bb4 4. Qc2 c5 5. dxc5 Qc7 6. Nf3 Qxc5 7. b3 Nc6 8. e3
d5 9. Bb2 d4 10. Nxd4 Nxd4 11. exd4 Qxd4 12. a3 Bxc3+ 13. Bxc3 Qf4 14. Bd3 O-O
15. O-O b6 16. Bxf6 Qxf6 17. Bxh7+ Kh8 18. Be4 Rb8 19. Rad1 Bb7 20. Bxb7 Rxb7
21. Qe4 Qe7 22. Rd3 Rd7 23. Rh3+ Kg8 24. Qh7# {Black checkmated} 1-0

[Event "Team 45 45 League T54"]
[Site "Internet Chess Club"]
[Date "2012.09.09"]
[Round "4"]
[White "charles-allen"]
[Black "MII231487"]
[Result "0-1"]
[WhiteElo "1901"]
[BlackElo "1946"]
[Opening "Caro-Kann: Panov-Botvinnik attack"]
[ECO "B13"]
[Time "08:31:05"]
[TimeControl "2700+45"]

1. e4 c6 2. d4 d5 3. exd5 cxd5 4. c4 Nf6 5. Nc3 Bf5 6. Qb3 Nc6 7. cxd5 Na5 8.
Qa4+ Bd7 9. Bb5 a6 10. Bxd7+ Nxd7 11. Nf3 b5 12. Qd1 g6 13. Bg5 Nc4 14. Qe2 Bg7
15. O-O Nf6 16. Rfe1 Ra7 17. Ne5 Nxe5 18. dxe5 Nxd5 19. Nxd5 Qxd5 20. b3 O-O 21.
Rad1 Qe6 22. Bd2 Rc7 23. Ba5 Rc6 24. Qe4 Rfc8 25. Rd8+ Rxd8 26. Bxd8 Rc8 27. Ba5
h5 28. f4 Rc6 29. Qd3 Qc8 30. a4 Rc2 31. Bb6 Qc6 32. Bf2 bxa4 33. bxa4 Qxa4 34.
e6 f5 35. Qd8+ Bf8 36. Bh4 Qxf4 37. Qe8 Qd4+ 38. Kf1 Qg7 39. Qa4 Qb2 40. Qe8
Qb5+ 41. Qxb5 axb5 42. Re5 Rb2 43. Rc5 Rb4 44. Bg5 Re4 45. Rxb5 Rxe6 46. Rb8 Kf7
47. Rb7 Bg7 48. Kf2 Re4 49. h3 Bf6 50. Bc1 Rc4 51. Ba3 Bh4+ 52. Kf1 Re4 53. Bb4
Bg3 {White resigns} 0-1

[Event "Team 45 45 League T54"]
[Site "Internet Chess Club"]
[Date "2012.09.09"]
[Round "4"]
[White "j65536d"]
[Black "kllrchris"]
[Result "1-0"]
[WhiteElo "1841"]
[BlackElo "1664"]
[Opening "Sicilian: dragon, Levenfish variation"]
[ECO "B71"]
[Time "18:00:08"]
[TimeControl "2700+45"]

1. e4 c5 2. Nf3 d6 3. d4 cxd4 4. Nxd4 Nf6 5. Nc3 g6 6. f4 Qa5 7. Bd3 Bg7 8. Be3
O-O 9. Qd2 Bd7 10. h3 Nc6 11. O-O Nh5 12. Nb3 Qd8 13. Rad1 a5 14. Bc4 Rc8 15. g4
Nf6 16. e5 dxe5 17. g5 exf4 18. Bxf4 Nh5 19. Qxd7 Nxf4 20. Rxf4 Qb6+ 21. Kh1 Ne5
22. Qa4 Qe3 23. Bf1 b5 24. Qe4 Qg3 25. Nxb5 Rxc2 26. Qxc2 Qxf4 27. Qd2 Qg3 28.
Qg2 Qxg5 {Black resigns} 1-0

[Event "Team 45 45 League T54"]
[Site "Internet Chess Club"]
[Date "2012.09.08"]
[Round "4"]
[White "nanning"]
[Black "ChessicalZ"]
[Result "0-1"]
[WhiteElo "1659"]
[BlackElo "1874"]
[Opening "English: symmetrical variation"]
[ECO "A34"]
[Time "12:00:38"]
[TimeControl "2700+45"]

1. c4 c5 2. Nc3 Nf6 3. g3 g6 4. Bg2 Bg7 5. e3 Nc6 6. Nge2 O-O 7. O-O d6 8. d3
Bf5 9. e4 Bg4 10. f3 Bd7 11. Rb1 Rb8 12. d4 cxd4 13. Nxd4 Nxd4 14. Qxd4 a6 15.
Qd3 b5 16. cxb5 axb5 17. b4 Ne8 18. Be3 Nc7 19. f4 Be6 20. Nd5 Nxd5 21. exd5 Bf5
22. Be4 Bxe4 23. Qxe4 Ra8 24. Bb6 Qxb6+ {White resigns} 0-1

[Event "Team 45 45 League T54"]
[Site "Internet Chess Club"]
[Date "2012.09.07"]
[Round "4"]
[White "FourKnights"]
[Black "H2-0"]
[Result "1/2-1/2"]
[WhiteElo "1766"]
[BlackElo "1793"]
[Opening "Queen's gambit accepted"]
[ECO "D20"]
[Time "19:01:40"]
[TimeControl "2700+45"]

1. d4 d5 2. c4 dxc4 3. e3 Nf6 4. Bxc4 e5 5. Qb3 Qe7 6. dxe5 Qb4+ 7. Bd2 Qxb3 8.
Bxb3 Ne4 9. f3 Nxd2 10. Nxd2 Bc5 11. Kf2 Nc6 12. f4 Bf5 13. Ngf3 Rd8 14. Rhd1
Rd3 15. Nf1 O-O 16. Rxd3 Bxd3 17. Rd1 Rd8 18. Ng3 h6 19. Ne1 Bb5 20. Rxd8+ Nxd8
21. Ne4 {Game drawn by mutual agreement} 1/2-1/2

[Event "Team 45 45 League T54"]
[Site "Internet Chess Club"]
[Date "2012.09.09"]
[Round "4"]
[White "bgolev"]
[Black "flyingpawns"]
[Result "0-1"]
[WhiteElo "1806"]
[BlackElo "1813"]
[Opening "QGD"]
[ECO "D52"]
[Time "22:04:23"]
[TimeControl "2700+45"]

1. d4 d5 2. c4 c6 3. Nc3 Nf6 4. Nf3 e6 5. Bg5 Nbd7 6. e3 Be7 7. Bd3 dxc4 8. Bxc4
b5 9. Bd3 a6 10. O-O Bb7 11. a3 c5 12. Rc1 Rc8 13. Bb1 O-O 14. dxc5 Nxc5 15. Qe2
Nd5 16. Bxe7 Qxe7 17. Nd4 Qg5 18. Ne4 Nxe4 19. Bxe4 Nc3 20. bxc3 Bxe4 21. f3 Bd5
22. Qf2 Rfd8 23. e4 Bc4 24. Rfd1 Qe7 25. Qb2 g6 26. Nb3 Bxb3 27. Qxb3 Rxd1+ 28.
Rxd1 Qc5+ 29. Kf1 Qxc3 30. Rd8+ Kg7 31. Rd3 Qc1+ 32. Rd1 Qc4+ 33. Qxc4 Rxc4 34.
Rd3 Rc2 35. h4 h5 36. Kg1 a5 37. Rb3 Rc5 38. Kf2 Kf6 39. Ke3 a4 40. Rb4 Rc3+ 41.
Kf2 Rb3 {White resigns} 0-1

[Event "Team 45 45 League T54"]
[Site "Internet Chess Club"]
[Date "2012.09.08"]
[Round "4"]
[White "TwoEqualsOne"]
[Black "timothysmall56"]
[Result "1-0"]
[WhiteElo "1822"]
[BlackElo "1686"]
[Opening "Nimzo-Indian: Sämisch variation"]
[ECO "E27"]
[Time "22:00:33"]
[TimeControl "2700+45"]

1. d4 Nf6 2. c4 e6 3. Nc3 Bb4 4. a3 Bxc3+ 5. bxc3 O-O 6. Nf3 b6 7. Bg5 Bb7 8. e3
d6 9. Bd3 Nbd7 10. O-O e5 11. Bf5 Qe8 12. d5 e4 13. Nd4 h6 14. Bh4 g6 15. Bh3 g5
16. Bg3 h5 17. Bxd7 Qxd7 18. f4 g4 19. Bh4 Ne8 20. f5 Ba6 21. Qe2 Qa4 22. f6
Bxc4 23. Qf2 Qd7 24. Qf4 Kh7 25. Qxe4+ {Black resigns} 1-0

[Event "Team 45 45 League T54"]
[Site "Internet Chess Club"]
[Date "2012.09.08"]
[Round "4"]
[White "carokantor"]
[Black "minke"]
[Result "1/2-1/2"]
[WhiteElo "2084"]
[BlackElo "1922"]
[Opening "Benoni: four pawns attack, main line"]
[ECO "A69"]
[Time "00:08:52"]
[TimeControl "2700+45"]

1. e4 d6 2. c4 g6 3. d4 Bg7 4. f4 Nf6 5. Nc3 O-O 6. Nf3 c5 7. d5 e6 8. Be2 exd5
9. cxd5 Re8 10. Nd2 Na6 11. O-O Nc7 12. a4 b6 13. Bf3 Rb8 14. Re1 a6 15. Nb3 Bb7
16. Be3 Nd7 17. g4 c4 18. Nd2 b5 19. axb5 Nxb5 20. Nxc4 Nxc3 21. bxc3 Bxc3 22.
Nxd6 Bxe1 23. Qxe1 Re7 24. Nxb7 Rxb7 25. d6 Re8 26. e5 Rb6 27. Bxb6 Qxb6+ 28.
Qf2 Qb4 29. Bc6 Qc3 30. Rxa6 Rb8 31. Bxd7 Rb1+ 32. Kg2 Rb2 33. Ra8+ Kg7 34. g5
Rxf2+ 35. Kxf2 Qd2+ 36. Kg3 Qe1+ 37. Kh3 Qf1+ 38. Kg3 Qg1+ 39. Kh3 Qe3+ 40. Kg4
Qe2+ 41. Kg3 Qe1+ 42. Kh3 Qf2 43. Ra4 Qf3+ 44. Kh4 Qf2+ 45. Kh3 Qf3+ {Game drawn
by mutual agreement} 1/2-1/2

[Event "Team 45 45 League T54"]
[Site "Internet Chess Club"]
[Date "2012.09.07"]
[Round "4"]
[White "Tamarin"]
[Black "Tobiasdelmonte"]
[Result "0-1"]
[WhiteElo "1831"]
[BlackElo "1725"]
[Opening "Trompowsky attack (Ruth, Opocenský opening)"]
[ECO "A45"]
[Time "22:01:13"]
[TimeControl "2700+45"]

1. d4 Nf6 2. Bg5 Ne4 3. Bf4 d5 4. e3 Bf5 5. f3 Nf6 6. c4 e6 7. Nc3 Nbd7 8. Qb3
Nh5 9. cxd5 Nxf4 10. exf4 Bd6 11. g3 O-O 12. Bc4 exd5 13. Bxd5 Qe7+ 14. Nge2 c6
15. Be4 Bh3 16. Qc2 f5 17. Bd3 Qe3 18. Bc4+ Kh8 19. Qd3 Qxd3 20. Bxd3 Bg2 21.
Rg1 Bxf3 22. O-O-O Rae8 23. Rde1 g6 24. Rgf1 Bg2 25. Rf2 Bh3 26. Kd2 Nf6 27. Ng1
Bg4 28. Be2 Kg7 29. Nf3 Bb4 30. Bd3 Bxf3 31. Rxe8 Rxe8 32. Rxf3 Rd8 33. a3 Ba5
34. Re3 Kf8 35. Re5 Bb6 36. d5 Bd4 37. dxc6 Bxe5 38. fxe5 Ne4+ 39. Ke3 Nxc3 40.
bxc3 bxc6 41. e6 Ke7 42. Bc4 Rd1 43. a4 Ra1 44. Kd4 Rxa4 45. Kc5 a5 46. Bb3 Ra3
47. Bc4 Rxc3 48. Kd4 Rxc4+ 49. Kxc4 Kxe6 50. Kb3 c5 51. Ka4 c4 {White resigns}
0-1

[Event "Team 45 45 League T54"]
[Site "Internet Chess Club"]
[Date "2012.09.11"]
[Round "4"]
[White "cityprosecutor"]
[Black "badmove"]
[Result "1/2-1/2"]
[WhiteElo "1770"]
[BlackElo "1775"]
[Opening "Four knights: Belgrade gambit"]
[ECO "C47"]
[Time "17:34:57"]
[TimeControl "2700+45"]

1. e4 e5 2. Nf3 Nc6 3. Nc3 Nf6 4. d4 exd4 5. Nd5 Be7 6. Bc4 O-O 7. O-O d6 8.
Nxd4 Nxd4 9. Qxd4 Nxd5 10. Bxd5 Bf6 11. Qd3 c6 12. Bb3 Be6 13. Rd1 Qe7 14. Bf4
d5 15. c3 dxe4 16. Qxe4 Bxb3 17. Qxe7 Bxe7 18. axb3 Rad8 19. Re1 Bc5 20. b4 Bb6
21. Re7 Rfe8 22. Rxb7 Re2 23. Be3 Bxe3 24. fxe3 h6 25. Rbxa7 Rdd2 26. Rc7 Rxg2+
27. Kf1 Rxh2 28. Kg1 Rhg2+ 29. Kh1 Rh2+ 30. Kg1 Rdg2+ 31. Kf1 Rf2+ 32. Kg1 {Game
drawn by mutual agreement} 1/2-1/2

[Event "Team 45 45 League T54"]
[Site "Internet Chess Club"]
[Date "2012.09.09"]
[Round "4"]
[White "clarinetref"]
[Black "vigneshv"]
[Result "1-0"]
[WhiteElo "1643"]
[BlackElo "1610"]
[Opening "French: exchange variation"]
[ECO "C01"]
[Time "22:05:59"]
[TimeControl "2700+45"]

1. e4 e6 2. d4 d5 3. exd5 exd5 4. Nf3 Bd6 5. Be3 Ne7 6. Bd3 Bf5 7. Nc3 c6 8. Qd2
O-O 9. O-O-O b5 10. Ne5 Bxe5 11. dxe5 Bg4 12. Be2 Bxe2 13. Nxe2 a5 14. Bc5 Nd7
15. Bd6 Ng6 16. Bxf8 Qxf8 17. Nd4 Ngxe5 18. Qg5 c5 19. Nxb5 d4 20. f4 Ng6 21. h4
h6 22. Qd5 Nf6 23. Qd6 Qxd6 24. Nxd6 Nxf4 25. g3 Ne6 26. Rhg1 Nd5 27. g4 Nef4
28. Kb1 Ne3 29. Rd2 Ra7 30. g5 hxg5 31. Rxg5 Ra6 32. Ne4 Rh6 33. Rxc5 Rxh4 34.
a4 Ne6 35. Rc8+ Kh7 36. Nd6 Rh1+ 37. Ka2 Rf1 38. Rh2+ Kg6 39. Ra8 Nc4 {Black
resigns} 1-0

[Event "Team 45 45 League T54"]
[Site "Internet Chess Club"]
[Date "2012.09.10"]
[Round "4"]
[White "LucaTrapani"]
[Black "koni"]
[Result "0-1"]
[WhiteElo "1781"]
[BlackElo "1938"]
[Opening "Pirc defense"]
[ECO "B07"]
[Time "10:01:35"]
[TimeControl "2700+45"]

1. d4 d6 2. e4 Nf6 3. Nc3 e5 4. h3 exd4 5. Qxd4 Nc6 6. Qd3 Be7 7. Be3 O-O 8.
O-O-O a6 9. f4 b5 10. g4 Be6 11. Nd5 Re8 12. g5 Nh5 13. Bd2 Na7 14. Be2 g6 15.
Nxe7+ Qxe7 16. Bxh5 gxh5 17. Qf3 Bd7 18. Re1 Bc6 19. Qxh5 Bxe4 20. Rh2 d5 21.
Rhe2 Qc5 22. Bc3 d4 23. Bb4 Qxb4 24. Rxe4 Qxe1+ 25. Rxe1 Rxe1+ 26. Kd2 Rxg1 27.
Qh6 Re8 28. f5 Rg2+ 29. Kd3 c5 {White resigns} 0-1